 Dungeon Crawl Stone Soup version 0.30.0-15-g856e2d3f33 (webtiles) character file.

Game seed: 13795994785420616682

1598 qw the Cleaver (level 8, -2/51 HPs)
             Began as a Gargoyle Fighter on May 20, 2023.
             Was an Initiate of Okawaru.
             Slain by an ogre
             ... wielding a +0 giant club
              (18 damage)
             ... on level 6 of the Dungeon.
             The game lasted 00:02:24 (4642 turns).

qw the Cleaver (Gargoyle Fighter)                   Turns: 4642, Time: 00:02:25

Health: -2/51      AC: 13    Str: 23    XL:     8   Next: 93%
Magic:  8/8        EV: 10    Int:  8    God:    Okawaru [......]
Gold:   316        SH:  4    Dex:  9    Spells: 7/7 levels left

rFire   . . .        h - +2 hand axe (vamp)
rCold   . . .        c - +0 buckler
rNeg    + + .        b - +0 scale mail
rPois   inf          (no helmet)
rElec   +            (no cloak)
rCorr   .            f - +0 pair of gloves
SInv    .            (no boots)
Will    .....        (no amulet) Stlth
                     a - ring of positive energy
HPRegen 0.28/turn    (no ring)
MPRegen 0.11/turn

%: no passive effects
@: no status effects
A: sickness immunity, AC +5, negative energy resistance 1, electricity
resistance, torment resistance 1, petrification resistance
a: Renounce Religion


You were on level 6 of the Dungeon.
You worshipped Okawaru.
Okawaru was noncommittal.
You visited 2 branches of the dungeon, and saw 7 of its levels.

You collected 316 gold pieces.


Innate Abilities, Weirdness & Mutations

You are immune to sickness and miasma.
Your stone body is resilient. (AC +5)
You are immune to poison.
You resist negative energy. (rN+)
You are resistant to electric shocks. (rElec)
You are resistant to unholy torment.
You are immune to petrification.


   Skills:
 - Level 6.1 Fighting
 + Level 8.6 Axes
 - Level 2.0 Throwing
 - Level 3.2 Armour
 - Level 1.8 Dodging
 - Level 3.2 Shields


You had 7 spell levels left.
You didn't know any spells.
Your spell library was empty.

Inventory:

Hand Weapons
 h - a +2 vampiric hand axe (weapon)
 o - a +0 flail
 Y - a +1 war axe
Missiles
 l - 4 javelins (quivered)
Armour
 b - a +0 scale mail (worn)
 c - a +0 buckler (worn)
 f - a +0 pair of gloves (worn)
 n - a +0 plate armour
 s - a +0 cloak
Jewellery
 a - a ring of positive energy (left hand)
Wands
 t - a wand of digging (2)
Scrolls
 g - 2 scrolls of identify
 q - a scroll of teleportation
Potions
 d - 3 potions of might
 e - 2 potions of resistance
 i - 2 potions of lignification {unknown}
 j - 3 potions of haste
 k - a potion of berserk rage {unknown}
 m - a potion of degeneration {unknown}
 p - a potion of mutation {unknown}

Dungeon Overview and Level Annotations

Branches:
Dungeon (6/15)             Temple (1/1) D:5

Altars:
Ashenzari
Cheibriados
Dithmenos
Elyvilon
Fedhas
Gozag
Hepliaklqana
Makhleb
Nemelex Xobeh
Okawaru
Qazlal
Sif Muna
Trog
Uskayaw
Vehumet
Wu Jian
Xom
Zin
The Shining One

Shops:
D:6 =


Message History

You can no longer gain great but temporary skills.
You throw a silver javelin.
The silver javelin pierces through the jelly.
The jelly is moderately wounded.
You throw a silver javelin.
The silver javelin pierces through the jelly!
You kill the jelly!
Okawaru accepts your kill.
You feel like a meek peon again.
r - a silver javelin
r - 2 silver javelins (gained 1)
t - a wand of digging (2)
You see here a scroll of fog.
i - 2 ruby potions (gained 1)
An ogre comes into view. It is wielding a +0 giant club.
Found a scroll labelled KAXTING ZAPN.
Found a stone staircase leading down.
The ogre shouts!
You throw a silver javelin.
The silver javelin pierces through the ogre but does no damage.
The ogre is lightly wounded.
An ogre is nearby!
You throw a silver javelin.
The silver javelin barely misses the ogre.
You hit the ogre.
The ogre is lightly wounded.
The ogre barely misses you.
You hit the ogre.
The ogre is moderately wounded.
You slash the ogre!
The ogre is severely wounded.
The ogre hits you with a +0 giant club!!
You slash the ogre!
You feel better.
The ogre is almost dead.
You barely miss the ogre.
The ogre is almost dead.
The ogre hits you with a +0 giant club!!
You closely miss the ogre.
The ogre is almost dead.
The ogre hits you with a +0 giant club!!
You die...

#)............####....##
#.#...........##...####
#.#....##.######.###
###.####.......##..#
#...# ######...#.##
#.### #.#...# ..#
#.#..## .## #....### .#
##..@O.# .# ##.##...>..#
## ##...# ##...(#
####### ~~~~~~ #..(#
...(..####~#~~~ ...#
.####.....~#~## ..#
..##......~#~~~ ##
..##......~~~~~
.......)......#
#############


You could see an ogre.

Vanquished Creatures
  2 ice beasts
  2 black bears
  A centaur (D:6)
  3 phantoms
  A scorpion (D:4)
  4 hounds
  2 jellies
  5 orc priests
  A gnoll bouda (D:5)
  Jessica (D:2)
  A sleepcap (D:5)
  Natasha (D:2)
  3 iguanas
  4 orc wizards
  7 gnolls
  7 adders
  A shadow imp (D:5)
  An ufetubus (D:6)
  2 worms
  A dart slug (D:2)
  23 orcs
  5 ball pythons
  9 endoplasms
  2 giant cockroaches
  6 goblins
  4 hobgoblins
  10 jackals
  2 quokkas
  3 bats (D:2)
  6 frilled lizards
  3 kobolds
  8 rats
131 creatures vanquished.

Notes
Turn   | Place    | Note
-------+----------+-------------------------------------------
     0 | D:1      | qw the Gargoyle Fighter began the quest for the Orb.
     0 | D:1      | Reached XP level 1. HP: 14/14 MP: 1/1
     0 | D:1      | 0 ||| qw: Version: 0.2-a-97-g499787f
     0 | D:1      | 0 ||| qw: Game counter: 54
     0 | D:1      | 0 ||| qw: Always use a shield: true
     0 | D:1      | 0 ||| qw: God list: Okawaru
     0 | D:1      | 0 ||| qw: Allow faded altars: false
     0 | D:1      | 0 ||| qw: Do Orc after D:15 true
     0 | D:1      | 0 ||| qw: Do second Lair branch before Depths: true
     0 | D:1      | 0 ||| qw: Lair rune preference: random
     0 | D:1      | 0 ||| qw: Plans: Normal, Zot:1-4, God:TSO, Crypt, Tomb,
                  | Pan, Slime:5, Hells, Abyss, Win
     0 | D:1      | 0 ||| PLANNING D:1-11
    70 | D:1      | Reached skill level 2 in Axes
    89 | D:1      | 89 ||| Stepping ~*~*~tactically~*~*~ (stealth).
   102 | D:1      | Reached XP level 2. HP: 13/19 MP: 2/2
   205 | D:1      | 205 ||| Stepping ~*~*~tactically~*~*~ (stealth).
   206 | D:1      | 206 ||| Stepping ~*~*~tactically~*~*~ (stealth).
   208 | D:1      | 208 ||| Stepping ~*~*~tactically~*~*~ (stealth).
   605 | D:1      | 605 ||| READING scroll labelled SULEAMN NEVAV.
   608 | D:1      | 608 ||| READING 2 scrolls labelled ONKARO LIOZOD.
   609 | D:1      | 609 ||| READING scroll labelled MOK YMIFYPSUW.
   610 | D:1      | 610 ||| READING scroll labelled DUALAU NEEROILL.
   667 | D:2      | 667 ||| Stepping ~*~*~tactically~*~*~ (stealth).
   678 | D:2      | 678 ||| Stepping ~*~*~tactically~*~*~ (stealth).
   688 | D:2      | Reached skill level 3 in Axes
   692 | D:2      | Reached XP level 3. HP: 13/23 MP: 3/3
   756 | D:2      | Noticed Jessica
   766 | D:2      | Killed Jessica
   812 | D:2      | 812 ||| Stepping ~*~*~tactically~*~*~ (stealth).
   815 | D:2      | 815 ||| Stepping ~*~*~tactically~*~*~ (hiding).
   824 | D:2      | Reached XP level 4. HP: 28/28 MP: 4/4
   906 | D:2      | Reached skill level 4 in Axes
   973 | D:2      | Noticed Natasha
   979 | D:2      | Killed Natasha
  1246 | D:2      | 1246 ||| READING scroll labelled JIUTIHYHOXA.
  1266 | D:2      | 1266 ||| READING scroll labelled FIUCUR CEKIT.
  1304 | D:3      | 1304 ||| Stepping ~*~*~tactically~*~*~ (stealth).
  1306 | D:3      | 1306 ||| Stepping ~*~*~tactically~*~*~ (stealth).
  1434 | D:3      | 1434 ||| Stepping ~*~*~tactically~*~*~ (stealth).
  1448 | D:3      | Reached XP level 5. HP: 32/32 MP: 5/5
  1469 | D:3      | 1469 ||| Stepping ~*~*~tactically~*~*~ (stealth).
  1471 | D:3      | 1471 ||| Stepping ~*~*~tactically~*~*~ (stealth).
  1875 | D:3      | 1875 ||| READING scroll labelled DODWOO OPRAU.
  1876 | D:3      | 1876 ||| DRINKING 2 red potions.
  1877 | D:3      | 1877 ||| READING 2 scrolls of identify.
  1877 | D:3      | 1877 ||| IDENTIFYING clear potion
  1878 | D:3      | 1878 ||| DROPPING potion of flight.
  1896 | D:4      | 1896 ||| Stepping ~*~*~tactically~*~*~ (stealth).
  2006 | D:4      | 2006 ||| Stepping ~*~*~tactically~*~*~ (stealth).
  2017 | D:4      | Reached skill level 1 in Throwing
  2018 | D:4      | Reached skill level 5 in Axes
  2056 | D:4      | Noticed a phantom
  2071 | D:4      | HP: 8/33 [phantom (2)]
  2072 | D:4      | 2072 ||| READING 2 scrolls of teleportation.
  2073 | D:4      | Killed a phantom
  2074 | D:4      | Reached XP level 6. HP: 11/39 MP: 6/6
  2216 | D:4      | 2216 ||| DROPPING +0 whip.
  2279 | D:4      | Noticed a black bear
  2286 | D:4      | Killed a black bear
  2287 | D:4      | Reached skill level 1 in Dodging
  2350 | D:4      | Reached XP level 7. HP: 42/44 MP: 7/7
  2460 | D:4      | 2460 ||| Stepping ~*~*~tactically~*~*~ (stealth).
  2654 | D:4      | 2654 ||| UPGRADING to +0 pair of gloves.
  2659 | D:4      | 2659 ||| READING 2 scrolls labelled ANGIRCHIRYO.
  2660 | D:4      | 2660 ||| READING 2 scrolls of identify.
  2660 | D:4      | 2660 ||| IDENTIFYING metallic sapphire potion
  2661 | D:4      | 2661 ||| DROPPING scroll of immolation.
  2708 | D:5      | Entered Level 5 of the Dungeon
  2709 | D:5      | 2709 ||| PLANNING OSSUARY
  2714 | D:5      | 2714 ||| Stepping ~*~*~tactically~*~*~ (hiding).
  2717 | D:5      | Reached skill level 6 in Axes
  2743 | D:5      | HP: 10/44 [sleepcap (5)]
  2744 | D:5      | 2744 ||| READING scroll of teleportation.
  2750 | D:5      | HP: 6/44 [gnoll/+0 spear[a gnoll bouda] (4)]
  2754 | D:5      | HP: 1/44 [gnoll/+0 spear[a gnoll bouda] (3)]
  3019 | D:5      | Reached skill level 7 in Axes
  3114 | D:5      | Reached XP level 8. HP: 45/48 MP: 8/8
  3235 | D:5      | 3235 ||| Stepping ~*~*~tactically~*~*~ (hiding).
  3318 | D:5      | 3318 ||| Stepping ~*~*~tactically~*~*~ (stealth).
  3322 | D:5      | 3322 ||| Stepping ~*~*~tactically~*~*~ (stealth).
  3323 | D:5      | 3323 ||| Stepping ~*~*~tactically~*~*~ (stealth).
  3326 | D:5      | 3326 ||| Stepping ~*~*~tactically~*~*~ (hiding).
  3327 | D:5      | 3327 ||| Stepping ~*~*~tactically~*~*~ (hiding).
  3330 | D:5      | 3330 ||| Stepping ~*~*~tactically~*~*~ (hiding).
  3416 | D:5      | 3416 ||| RIP OSSUARY
  3418 | D:5      | 3418 ||| PLANNING D:1-11
  3477 | D:5      | Found a staircase to the Ecumenical Temple.
  3478 | D:5      | 3478 ||| PLANNING TEMPLE
  3478 | D:5      | 3478 ||| DRINKING 2 glowing red potions.
  3479 | D:5      | 3479 ||| DROPPING potion of brilliance.
  3485 | Temple   | Entered the Ecumenical Temple
  3512 | Temple   | 3512 ||| PLANNING OKAWARU WORSHIP
  3635 | Temple   | Became a worshipper of Warmaster Okawaru
  3635 | Temple   | 3635 ||| PLANNING D:1-11
  4070 | D:5      | 4070 ||| UPGRADING to ring of positive energy.
  4144 | D:6      | 4144 ||| STAIRDANCE
  4181 | D:6      | 4181 ||| SWAPPING to +1 vampiric hand axe.
  4226 | D:6      | 4226 ||| Stepping ~*~*~tactically~*~*~ (hiding).
  4227 | D:6      | 4227 ||| Stepping ~*~*~tactically~*~*~ (hiding).
  4228 | D:6      | 4228 ||| Stepping ~*~*~tactically~*~*~ (hiding).
  4237 | D:6      | 4237 ||| Stepping ~*~*~tactically~*~*~ (stealth).
  4238 | D:6      | 4238 ||| Stepping ~*~*~tactically~*~*~ (stealth).
  4250 | D:6      | 4250 ||| READING scroll of enchant weapon.
  4250 | D:6      | 4250 ||| ENCHANTING +1 vampiric hand axe.
  4328 | D:6      | 4328 ||| Stepping ~*~*~tactically~*~*~ (hiding).
  4339 | D:6      | Reached skill level 8 in Axes
  4372 | D:6      | 4372 ||| Stepping ~*~*~tactically~*~*~ (stealth).
  4395 | D:6      | Reached skill level 6 in Fighting
  4432 | D:6      | Found Iclirir's Jewellery Boutique.
  4441 | D:6      | 4441 ||| SHOPLISTING +5 ring of evasion (504 gold, have
                  | 316).
  4441 | D:6      | 4441 ||| SHOPLISTING amulet of reflection (420 gold, have
                  | 316).
  4441 | D:6      | 4441 ||| SHOPLISTING ring of ice (350 gold, have 316).
  4505 | D:6      | Reached * piety under Okawaru
  4506 | D:6      | 4506 ||| INVOKING Heroism.
  4555 | D:6      | 4555 ||| INVOKING Heroism.
  4642 | D:6      | Slain by an ogre

Levels and vault maps discovered:
D:1:      psy_arrival_fountain, layout_rooms, minivault_26
D:2:      layout_rooms, uniq_natasha, uniq_jessica
D:3:      layout_basic
D:4:      layout_rooms
D:5:      layout_loops_ring, minmay_temple_entry_hall,
          nicolae_ossuary_entry_false_entrances, kennysheep_big_empty_room,
          minmay_between
D:6:      layout_rooms, serial_shops, nicolae_shop_just_a_little_nook,
          minmay_crystal_water, grunt_decor_mini_mirrors
Temple:   nicolae_temple_bog_church

Skill      XL: |  1  2  3  4  5  6  7  8 |
---------------+-------------------------+-----
Axes           | 2 3 4 5 7 8 |  8.6
Throwing       | 1 2 |  2.0
Fighting       | 4 6 |  6.1
Dodging        | 1 |  1.8
Armour         | |  3.2
Shields        | |  3.2

Action                     |  1- 3 |  4- 6 |  7- 9 || total
---------------------------+-------+-------+-------++-------
  Melee: War axe           |    74 |   145 |   121 ||   340
         Hand axe          |       |       |    64 ||    64
  Throw: Javelin           |       |    10 |    45 ||    55
 Invoke: Heroism           |       |       |     2 ||     2
    Use: Scroll            |     4 |     5 |     4 ||    13
         Potion            |       |     1 |     1 ||     2
 Armour: Scale mail        |    28 |    82 |   116 ||   226
  Dodge: Dodged            |    34 |    65 |    97 ||   196
  Block: Buckler           |    11 |    31 |    38 ||    80

Table legend:
 A = Non-vault XP
 B = Vault XP
 C = Vault XP percentage of total XP
 D = Non-vault monster count
 E = Vault monster count
 F = Vault count percentage of total count
                 A         B        C        D         E       F
            +---------+---------+-------+---------+---------+-------
      Total |    2059 |     224 |   9.8 |     124 |       7 |   5.3
            +---------+---------+-------+---------+---------+-------
        D:1 |      24 |       0 |   0.0 |      15 |       0 |   0.0
        D:2 |      47 |      73 |  60.8 |      20 |       2 |   9.1
        D:3 |      48 |       0 |   0.0 |      14 |       0 |   0.0
        D:4 |     635 |       0 |   0.0 |      28 |       0 |   0.0
        D:5 |     526 |     151 |  22.3 |      20 |       5 |  20.0
        D:6 |     779 |       0 |   0.0 |      27 |       0 |   0.0
            +---------+---------+-------+---------+---------+-------
